 Dungeon Crawl Stone Soup version 0.19.1-1-g22dce08 (webtiles) character file.

100 Kiturien the Stinger (level 4, -3/27 HPs)
             Began as an Octopode Venom Mage on Jan 14, 2017.
             Was a Follower of Vehumet.
             Killed from afar by Sigmund (10 damage)
             ... with a puff of flame
             ... on level 3 of the Dungeon.
             The game lasted 00:19:30 (3890 turns).

Kiturien the Stinger (Octopode Venom Mage)          Turns: 3890, Time: 00:19:30

Health: -3/27      AC:  2    Str:  7    XL:     4   Next: 73%
Magic:  3/7        EV: 15    Int: 18    God:    Vehumet [*.....]
Gold:   92         SH:  0    Dex: 10    Spells: 2 memorised, 2 levels left

rFire  . . .     SeeInvis +     e - -2 short sword (curse)
rCold  . . .     Gourm    .     (no shield)
rNeg   . . .     Faith    .     l - +1 hat
rPois  .         Spirit   .     (no amulet)
rElec  .         Reflect  .     d - ring of see invisible
rCorr  .         Harm     .     (no ring)
MR     .....                    (no ring)
Stlth  +++.......               (no ring)
                                (no ring)
                                (no ring)
                                (no ring)
                                (no ring)

@: very slightly contaminated
A: almost no armour, stealthy swim, amphibious, 8 rings, constrict 8, repulsion
field 1, camouflage 1, clumsy 1, slow regeneration 1, gelatinous body 1
a: Renounce Religion


You were on level 3 of the Dungeon.
You worshipped Vehumet.
Vehumet was aware of your devotion.
You were not hungry.

You visited 1 branch of the dungeon, and saw 3 of its levels.

You collected 92 gold pieces.

Inventory:

Hand Weapons
 e - a cursed -2 short sword (weapon)
 i - a +1 hand axe
Missiles
 f - 29 poisoned needles
Armour
 l - a +1 hat (worn)
Jewellery
 d - a ring of see invisible (left tentacle)
Scrolls
 b - a scroll of teleportation
 g - a scroll of noise
Potions
 c - a potion of cancellation {unknown}
 k - a potion of invisibility
Books
 a - a Young Poisoner's Handbook

   Spells                             Type                      Level
   a - Sting                          Conjuration/Poison           1
   b - Mephitic Cloud                 Conjuration/Poison/Air       3
   c - Olgreb's Toxic Radiance        Poison                       4
   d - Alistair's Intoxication        Transmutation/Poison         5
   e - Venom Bolt                     Conjuration/Poison           5


   Skills:
 + Level 0.8 Fighting
 + Level 1.2 Short Blades
 + Level 2.8 Dodging
 + Level 3.7 Stealth
 + Level 0.2 Unarmed Combat
 + Level 2.2 Spellcasting
 + Level 0.4 Conjurations
 + Level 5.5 Poison Magic


You had 2 spell levels left.
You knew the following spells:

 Your Spells              Type           Power        Failure   Level  Hunger
a - Sting                 Conj/Pois      ##..         6%          1    #......
b - Olgreb's Toxic Radia  Pois           ###.....     21%         4    #####..


Dungeon Overview and Level Annotations

Branches:
Dungeon (3/15)

Altars:
Fedhas
Nemelex Xobeh
Uskayaw
Vehumet

Annotations:
D:3 Grinder, Sigmund


Innate Abilities, Weirdness & Mutations

You cannot wear most types of armour.
You are very stealthy in the water. (Stealth+)
You are amphibious.
You can wear up to eight rings at the same time.
You can use your tentacles to constrict eight enemies at once.
Your skin changes colour to match your surroundings (Stealth+).
Your rubbery body absorbs attacks. (AC +1, EV +1)
You are surrounded by a mild repulsion field. (EV +2)
You are clumsy. (Dex -2)
You regenerate slowly when monsters are visible.


Message History

Sigmund is heavily wounded.
You constrict Sigmund. Sigmund misses you.
You hit Sigmund.
Sigmund is heavily wounded.
You constrict Sigmund. You hit Sigmund but do no damage.
Sigmund is severely wounded.
You constrict Sigmund. Sigmund misses you.
You hit Sigmund but do no damage.
Sigmund is severely wounded.
You constrict Sigmund. Sigmund misses you.
You hit Sigmund but do no damage.
Sigmund is severely wounded.
You constrict Sigmund. You hit Sigmund. You squeeze Sigmund, but do no damage.
Sigmund is almost dead.
You constrict Sigmund.
Sigmund points at you and mumbles some strange words.
The puff of flame hits you!
You die...

#**************###
,,,,,,,,,,,,,,,..#
***************#.#
#### #.# ##.##
*#######.#### ....#
#...........# ##.##
#.######)##.# ##.#
#.# #@##.# #)# #.#
#@##.# #.# #.# #.##.#
#.# #.# #.##.#
#.######.######.##.#
#............##.##.#
*########.###†##.##.#
,,,* #.# #.##.##.#
**,* #.# #>##.##.#


You could see Sigmund (invisible).

Vanquished Creatures
  The ghost of Boing the Sneak, a weakling SpAs of Sif Muna (D:3)
  An adder (D:2)
  An ooze (D:1)
  2 dart slugs
  2 leopard geckos
  2 orcs
  8 goblins
  8 hobgoblins
  4 ball pythons
  3 bats
  5 frilled lizards
  4 kobolds
  6 rats
47 creatures vanquished.

Notes
Turn   | Place    | Note
-------+----------+-------------------------------------------
     0 | D:1      | Kiturien the Octopode Venom Mage began the quest for the Orb.
     0 | D:1      | Reached XP level 1. HP: 11/11 MP: 3/3
   115 | D:1      | Reached skill level 5 in Poison Magic
   530 | D:1      | Reached XP level 2. HP: 17/17 MP: 5/5
   987 | D:2      | Found a radiant altar of Vehumet.
  1000 | D:2      | Became a worshipper of Vehumet
  1204 | D:2      | Reached XP level 3. HP: 12/21 MP: 6/6
  1589 | D:2      | Noticed a hand axe
  1589 | D:2      | Noticed a hand axe
  1590 | D:2      | Found a hide-covered altar of Uskayaw.
  2411 | D:3      | Noticed Boing's ghost (weakling SpAs)
  2725 | D:2      | Reached skill level 1 in Short Blades
  2781 | D:3      | Reached * piety under Vehumet
  2781 | D:3      | Offered knowledge of Freeze by Vehumet.
  2945 | D:3      | Found a sparkling altar of Nemelex Xobeh.
  2945 | D:3      | Found a blossoming altar of Fedhas.
  3030 | D:3      | Noticed Sigmund
  3046 | D:3      | Reached XP level 4. HP: 18/27 MP: 7/7
  3049 | D:3      | Gained mutation: You are surrounded by a mild repulsion field. (EV +2) [potion of mutation]
  3049 | D:3      | Gained mutation: You regenerate slowly when monsters are visible. [potion of mutation]
  3049 | D:3      | Gained mutation: You are clumsy. (Dex -2) [potion of mutation]
  3354 | D:3      | Learned a level 4 spell: Olgreb's Toxic Radiance
  3394 | D:3      | Noticed Grinder
  3396 | D:3      | Paralysed by Grinder for 7 turns
  3579 | D:3      | Killed Boing's ghost
  3890 | D:3      | Killed from afar by Sigmund

Skill      XL: |  1  2  3 |
---------------+----------+-----
Poison Magic   | 5 |  5.5
Stealth        | 3 |  3.7
Short Blades   | 1 |  1.2
Fighting       | |  0.8
Dodging        | |  2.8
Unarmed Combat | |  0.2
Spellcasting   | |  2.2
Conjurations   | |  0.4

Action                   |  1- 3 |  4- 6 || total
-------------------------+-------+-------++-------
Melee: Unarmed           |    11 |       ||    11
       Short sword       |    96 |    66 ||   162
       Constrict         |    27 |     6 ||    33
       Tentacles         |    10 |     8 ||    18
 Cast: Sting             |     9 |     2 ||    11
       Olgreb's Toxic Ra |       |     2 ||     2
  Use: Scroll            |     6 |       ||     6
       Potion            |     3 |     3 ||     6
 Stab: Sleeping          |     6 |     2 ||     8
  Eat: Bread ration      |     1 |     1 ||     2
       Chunk             |       |     3 ||     3
Armor: Skin              |    14 |     4 ||    18
Dodge: Dodged            |    70 |    40 ||   110
